 Dungeon Crawl Stone Soup version 0.18-a0-900-gbbf5c82 (webtiles) character file.

330 deanyohobro the Skirmisher (level 6, 36/55 HPs)
             Began as a Human Fighter on Dec 24, 2015.
             Quit the game on level 4 of the Dungeon.
             The game lasted 00:10:09 (3335 turns).

deanyohobro the Skirmisher (Human Fighter)          Turns: 3335, Time: 00:10:09

Health: 36/55      AC:  5    Str: 12 (15) XL:     6   Next: 81%
Magic:  6/6        EV: 13    Int:  8      God:
Gold:   103        SH:  0    Dex: 12      Spells: 0 memorised, 5 levels left

rFire  . . .     SeeInvis .     a - +0 long sword
rCold  . . .     Gourm    .     k - +0 ring mail (curse)
rNeg   . . .     Faith    +     (no shield)
rPois  +         Spirit   .     (no helmet)
rElec  .         Dismiss  .     (no cloak)
rCorr  .         Reflect  .     (no gloves)
SustAt .         Harm     .     (no boots)
MR     .....                    h - amulet of faith
Stlth  +.........               j - ring of poison resistance
                                n - +3 ring of evasion

@: very slightly contaminated, not resistant to hostile enchantments, very
unstealthy
A: weak 2, subdued magic 1, MP-powered wands
a: no special abilities


You were on level 4 of the Dungeon.
You were not hungry.

You visited 1 branch of the dungeon, and saw 4 of its levels.

You collected 103 gold pieces.

Inventory:

Hand Weapons
 a - a +0 long sword (weapon)
Armour
 c - a +0 shield
 k - a cursed +0 ring mail (worn)
Jewellery
 h - an amulet of faith (around neck)
 j - a ring of poison resistance (right hand)
 n - a +3 ring of evasion (left hand)
 p - an uncursed ring of protection from fire
 q - a cursed ring of loudness {unknown}
Scrolls
 d - a scroll of remove curse {unknown}
 i - 2 scrolls of magic mapping {unknown}
 l - 3 scrolls of amnesia {unknown}
 t - a scroll of teleportation {unknown}
 u - a scroll of random uselessness {unknown}
 w - a scroll of blinking {unknown}
Potions
 b - a potion of cancellation
 g - a potion of degeneration
 v - a potion of curing
Comestibles
 f - a bread ration
 o - a beef jerky
 r - a slice of pizza
 x - a meat ration


   Skills:
 + Level 7.1 Fighting
 - Level 2.0 Long Blades
 - Level 3.0 Armour
 - Level 3.0 Shields


You had 5 spell levels left.
You didn't know any spells.

Dungeon Overview and Level Annotations

Branches:
Dungeon (4/15)
 Temple: D:4-7

Altars:
Ashenzari
Dithmenos
Trog
Xom


Innate Abilities, Weirdness & Mutations

You are very weak. (Str -4)
Your spells are a little easier to cast, but a little less powerful.
You expend magic power (3 MP) to strengthen your wands.


Message History

Drink which item? (? for menu, Esc to quit)
It was a potion of curing.
You feel better.
You have 103 gold pieces.
You spend a moment contemplating the meaning of life.
You start resting.
You are starting to lose your buoyancy.
You start resting.
Your extra speed is starting to run out.
You start resting.
You feel yourself slow down.
Unknown command.
Unknown command.
Unknown command.
Drink which item? (? for menu, Esc to quit)
You feel extremely strange.
You feel your magical essence link to your wands.
You feel weaker.
You float gracefully downwards.
You have 103 gold pieces.
Are you sure you want to abandon this character and quit the game? (Confirm with "yes".)

. ##. ..# #.#
###+##.# #......#
#......#
#......########
#..@..<........
......##....####....
..... ####.# . ....
#.# ... #.# .> #.# #
#.# #.#


There were no monsters in sight!

Vanquished Creatures
  A phantom (D:4)
  2 orc wizards (D:3)
  Ijyb (D:3)
  5 adders (D:3)
  4 gnolls (D:3)
  2 oozes
  3 worms (D:2)
  3 giant geckos (D:3)
  5 orcs (D:3)
  A ball python (D:2)
  5 giant cockroaches
  8 goblins
  6 hobgoblins
  8 bats
  5 giant newts
  4 jackals (D:2)
  8 kobolds
  A quokka (D:3)
  5 rats
77 creatures vanquished.

Notes
Turn   | Place    | Note
--------------------------------------------------------------
     0 | D:1      | deanyohobro the Human Fighter began the quest for the Orb.
     0 | D:1      | Reached XP level 1. HP: 18/18 MP: 1/1
   263 | D:1      | Reached XP level 2. HP: 24/24 MP: 2/2
   563 | D:1      | Reached skill level 4 in Fighting
   563 | D:1      | Reached XP level 3. HP: 28/30 MP: 3/3
  1151 | D:2      | Found a bloodstained altar of Trog.
  1404 | D:2      | Reached XP level 4. HP: 35/38 MP: 4/4
  1444 | D:2      | Found a shimmering altar of Xom.
  1820 | D:3      | Reached skill level 5 in Fighting
  1878 | D:3      | Reached XP level 5. HP: 20/44 MP: 5/5
  2193 | D:3      | Noticed Ijyb
  2212 | D:3      | Killed Ijyb
  2417 | D:3      | Reached skill level 6 in Fighting
  2475 | D:3      | Reached XP level 6. HP: 33/52 MP: 6/6
  2854 | D:3      | Found a shadowy altar of Dithmenos.
  3185 | D:3      | Found a shattered altar of Ashenzari.
  3254 | D:4      | Gained mutation: You are weak. (Str -2) [potion of mutation]
  3254 | D:4      | Gained mutation: Your spells are a little easier to cast, but a little less powerful. [potion of mutation]
  3273 | D:4      | Reached skill level 7 in Fighting
  3334 | D:4      | Gained mutation: You expend magic power (3 MP) to strengthen your wands. [potion of mutation]
  3334 | D:4      | Gained mutation: You are very weak. (Str -4) [potion of mutation]
  3335 | D:4      | Quit the game

Vault maps used:
D:1:      lemuel_arrival_tunnels
D:2:      lemuel_crystal_altar, nicolae_overflow_crystal_walls
D:3:      lemuel_round_altar, marbit_many_paths, uniq_iyjb
D:4:      nicolae_ru_path_of_blood, first_bread, serial_shops, shop,
          kennysheep_small_square, uniq_robin

Action                   |  1- 3 |  4- 6 || total
-------------------------+-------+-------++-------
Melee: Long sword        |   120 |   180 ||   300
  Use: Scroll            |     4 |       ||     4
       Potion            |       |     8 ||     8
  Eat: Chunk             |     2 |     3 ||     5
       Bread ration      |       |     1 ||     1
